cohdb
Replays
Latest Replays
All Replays
Popular Replays
Top Player Replays
Match Explorer
How It Works
Community
CoH3 Stats
Reddit
Sign in to upload your games and track your stats! →
Sign in with Steam
Match 42271779
Unlisted
Match 42271779
Overview
Messages
Build Orders
End
Engineer Squad
Construct Weapon Support Center
M1919 Machine Gun Team
Bazooka Squad
Construct Barracks
Riflemen Squad
.30 cal Machine Gun
Selects Advanced Infantry Battlegroup
Selects Advanced Infantry Battlegroup
Selects Advanced Infantry Battlegroup
Selects Convert to Ranger Squad
Convert to Ranger Squad
M1 Mortar Team
Air Support Center
Selects Frontline Medical Station
Frontline Medical Station
.30 cal Machine Gun
Construct Motor Pool
Grasshopper Recon Run
moemoe
CAD4
Cerberus
KiLLiNP4K
Phan
MrBlueSteel
kamacura
SoldMyDad
0
0
Comments
sign in to comment!
No comments posted yet!